Map: Persephone LE

Players

Scrub - Winner!

  • Race: Terran Terran
  • League: Diamond
  • Spawn Location: 7:00

VOD

Have the link to the VOD?

Description

Time

  • Played on: May 16, 2025, 6:05 p.m.
  • Length: 16:26
Show
View Real Time Build Order
Export as new Build Order

Scrub Terran - Winner!

Build Orders:  

Get SALT Encoding   

  12  0:02  SCV  
  13  0:19  SCV  
  14  0:25  Supply Depot  
  14  0:36  SCV  
  15  0:55  SCV  
  15  0:57  Barracks  
  16  1:05  Refinery  
  16  1:12  SCV  
  17  1:33  SCV  
  18  1:50  SCV  
  19  2:07  Orbital Command  
  20  2:10  Reaper  
  20  2:22  Command Center  
  20  2:36  Supply Depot  
  20  2:43  SCV  
  21  2:50  Marine  
  21  2:59  Factory  
  22  3:00  SCV  
  23  3:17  SCV  
  24  3:29  Barracks Reactor  
  24  3:35  SCV  
  25  3:44  Unknown  
  25  4:01  Hellion  
  25  4:04  SCV  
  28  4:10  Command Center  
  28  4:22  Orbital Command  
  28  4:25  Reaper x2  
  30  4:32  Hellion  
  30  4:34  SCV  
  30  4:39  Refinery  
  33  4:45  Barracks  
  33  4:57  Barracks  
  33  4:58  SCV, Supply Depot  
  34  5:15  SCV  
  35  5:20  Barracks Tech Lab  
  35  5:26  SCV  
  36  5:32  SCV  
  36  5:36  Hellion x2  
  41  5:43  SCV  
  42  5:50  Unknown  
  42  5:52  Unknown  
  42  5:57  Unknown  
  39  6:37  Widow Mine x2  
  35  6:40  Marauder  
  35  6:42  Barracks Reactor x2  
  35  6:43  Orbital Command  
  35  6:47  Supply Depot  
  41  6:56  Bunker, SCV x2  
  41  6:58  Bunker  
  41  6:59  Bunker  
  43  7:09  Orbital Command  
  39  7:13  SCV  
  39  7:19  Widow Mine  
  40  7:20  Widow Mine  
  40  7:23  Supply Depot  
  40  7:25  Supply Depot  
  40  7:26  Supply Depot  
  42  7:31  Marauder  
  42  7:33  Marine x2  
  42  7:34  Marine x2  
  50  7:42  Supply Depot  
  50  7:45  SCV x2  
  50  7:46  SCV  
  50  8:02  SCV x3  
  50  8:09  Stimpack  
  47  8:14  Widow Mine x2  
  47  8:19  SCV x3  
  50  8:22  Marine x2, Marauder  
  50  8:23  Marine x2  
  60  8:35  Barracks x2  
  60  8:36  Supply Depot  
  60  8:39  Engineering Bay x2  
  60  8:45  SCV x2  
  60  8:46  SCV  
  63  8:52  Marauder, Refinery  
  63  8:55  Refinery  
  65  9:10  SCV x3  
  65  9:13  Supply Depot  
  65  9:15  Factory Tech Lab  
  65  9:16  Terran Infantry Weapons Level 1, Terran Infantry Armor Level 1  
  65  9:17  Supply Depot  
  68  9:27  SCV x3  
  71  9:30  Marine  
  71  9:31  Marine x4  
  76  9:40  Barracks Tech Lab  
  76  9:43  Barracks Reactor  
  76  9:46  SCV x3  
  79  10:03  Marine  
  79  10:04  Marine x4  
  79  10:06  Siege Tank  
  87  10:18  Unknown  
  87  10:19  Starport  
  87  10:22  Marine  
  87  10:28  Marine, Supply Depot  
  87  10:29  Marine x2  
  91  10:30  Marine, Armory  
  91  10:31  Marine  
  93  10:41  SCV x2  
  93  10:47  Marine  
  96  10:51  Marine  
  96  10:52  Marine  
  96  10:53  Marine, Siege Tank  
  96  10:54  Marine x2  
  96  10:58  SCV x2  
  106  11:00  Refinery  
  106  11:11  Orbital Command  
  106  11:23  Concussive Shells  
  106  11:25  Marine x5  
  106  11:26  Marine x3  
  114  11:30  Medivac  
  114  11:31  Medivac  
  114  11:32  SCV x2  
  120  11:48  SCV  
  120  11:49  Siege Tank  
  124  11:56  Factory  
  124  11:57  SCV x2  
  124  11:58  Factory  
  126  12:00  Starport  
  126  12:02  Marine x3  
  126  12:03  Marine x2  
  126  12:04  Marine  
  126  12:05  SCV  
  133  12:11  Marine x2  
  133  12:14  SCV  
  133  12:17  Terran Infantry Weapons Level 2, Terran Infantry Armor Level 2  
  136  12:21  Medivac  
  136  12:22  Medivac  
  136  12:26  SCV  
  141  12:45  Supply Depot  
  141  12:47  Supply Depot  
  141  12:50  Supply Depot  
  141  12:55  Starport Reactor  
  141  13:07  Refinery  
  141  13:12  Marine, SCV  
  141  13:13  Marine  
  141  13:14  Marine, SCV, Supply Depot  
  141  13:15  Marine x5, SCV  
  140  13:29  SCV  
  135  13:31  SCV x2  
  135  13:37  Marine  
  135  13:39  Marine  
  138  13:40  Factory Tech Lab x2  
  138  13:49  Starport, Supply Depot  
  139  13:50  Viking  
  139  13:51  Viking x3  
  139  13:52  Siege Tank  
  139  13:55  Marine x6  
  156  14:02  Marine  
  156  14:04  Marine  
  156  14:05  Siege Tank x2  
  87  14:20  Marine x2  
  160  14:55  Marine x8  
  160  14:56  Siege Tank  
  160  14:57  Siege Tank x2  
  160  14:58  Viking x2  
  181  15:21  Marine  
  181  15:34  Marine x2  
Tags
 
Add a new tag
Caveats
  • Supply blocks, unpowered buildings, or Contaminate may cause inaccurate times.
  • Supply counts are checked every 10 seconds.